 Dungeon Crawl Stone Soup version 0.30-a0-118-ga018f8e90f (webtiles) character file.

Game seed: 2494655982504640373

7 MisterAzrael the Magician (level 1, 0/10 HPs)
             Began as a Deep Elf Air Elementalist on Sept 13, 2022.
             Slain by a giant cockroach (1 damage)
             ... on level 1 of the Dungeon.
             The game lasted 00:00:20 (330 turns).

MisterAzrael the Magician (DEAE)                     Turns: 330, Time: 00:00:20

Health: 0/10       AC:  2    Str:  5    XL:     1   Next: 83%
Magic:  1/6        EV: 12    Int: 19    God:
Gold:   5          SH:  0    Dex: 15    Spells: 5/6 levels left

rFire   . . .      SeeInvis .    (no weapon)
rCold   . . .      Faith    .    (no shield)
rNeg    . . .      Spirit   .    a - +0 robe
rPois   .          Reflect  .    (no helmet)
rElec   .          Harm     .    (no cloak)
rCorr   .          Rampage  .    (no gloves)
Will    .....                    (no boots)
Stlth   ++........               (no amulet)
HPRegen 0.03/turn                (no ring)
MPRegen 0.10/turn                (no ring)

@: no status effects
A: no striking features
a: no special abilities


You were on level 1 of the Dungeon.
You visited 1 branch of the dungeon, and saw 1 of its levels.

You collected 5 gold pieces.

Inventory:

Armour
 a - a +0 robe (worn)
Scrolls
 c - a scroll of blinking {unknown}
 d - a scroll of identify {unknown}
Potions
 b - a potion of magic
 e - a potion of lignification {unknown}
 f - 2 potions of berserk rage {unknown}


   Skills:
 + Level 2.6 Dodging
 + Level 2.6 Stealth
 + Level 3.1 Spellcasting
 + Level 1.3 Conjurations
 + Level 3.1 Air Magic


You had 5 spell levels left.
You knew the following spells:

 Your Spells              Type           Power      Damage    Failure   Level
a - Shock                 Conj/Air       44%        1d5       6%          1

Your spell library contained the following spells:

 Spells                   Type           Power      Damage    Failure   Level
 Static Discharge         Conj/Air       22%        3-5/arc   9%          2
 Swiftness                Air            14%        N/A       13%         3
 Airstrike                Air            7%         2d(1-17)  38%         4


Dungeon Overview and Level Annotations

Branches:
Dungeon (1/15)

Altars:


Message History

* * * LOW HITPOINT WARNING * * *
Aiming: Shock (safe; 6% risk of failure)
Press: ? - help, Q - select action Shift-Dir - straight line, f/p - quokka
Aim: a quokka (lightly wounded, 56% to hit)
The zap misses the quokka. x2
The giant cockroach barely misses you.
The quokka bites you but does no damage.
Aiming: Shock (safe; 6% risk of failure)
Press: ? - help, Q - select action Shift-Dir - straight line, f/p - quokka
Aim: a quokka (lightly wounded, 56% to hit)
The zap hits the quokka.
The quokka is moderately wounded.
The zap hits the quokka.
You kill the quokka!
The giant cockroach completely misses you.
Aiming: Shock (safe; 6% risk of failure)
Press: ? - help, Q - select action Shift-Dir - straight line, f - giant cockroach
Aim: a giant cockroach (68% to hit)
The zap hits the giant cockroach.
The giant cockroach is severely wounded.
The giant cockroach closely misses you. x2
You don't have enough magic to cast this spell.
You hit the giant cockroach but do no damage.
The giant cockroach is severely wounded.
The giant cockroach misses you.
You hit the giant cockroach but do no damage.
The giant cockroach is severely wounded.
The giant cockroach closely misses you.
You hit the giant cockroach but do no damage.
The giant cockroach is severely wounded.
The giant cockroach barely misses you.
Your magical contamination has completely faded away.
You closely miss the giant cockroach.
The giant cockroach is severely wounded.
The giant cockroach bites you but does no damage.
You closely miss the giant cockroach.
The giant cockroach is severely wounded.
The giant cockroach waves its antennae.
The giant cockroach bites you.
You die...

#......# #.# #..... #...##.#
#.# #.###. ######.# ##+## #####
#...#. #.# ##...##..^.. #.#.#.
#######.####.....#.....###.....
..[......##$.......#.....###.##
.##.....(#........#.#.#...##.#
..................#.#......#.#
.##..........B@..#..#.#......#
..........#.....#...#.##..####
####.#...###....#...#.###.#
#.######..##.#.....# #.# #.
#..#...#.#...# #.#
#..#....#<.#..# #.# ....
#......#..###.#
.###..#####.#......#
#.......#..#####


You could see a giant cockroach.

Vanquished Creatures
  A dart slug (D:1)
  A ball python (D:1)
  A goblin (D:1)
  A quokka (D:1)
4 creatures vanquished.

Notes
Turn   | Place    | Note
-------+----------+-------------------------------------------
     0 | D:1      | MisterAzrael the Deep Elf Air Elementalist began the quest
                  | for the Orb.
     0 | D:1      | Reached XP level 1. HP: 10/10 MP: 6/6
   330 | D:1      | Slain by a giant cockroach

Illustrated notes

Levels and vault maps discovered:
D:1:      ebering_trefoil_3fold, layout_loops_corners, serial_shops, shop,
          hangedman_decor_diamond_cutter, st_stairs_9, minmay_domino_2

Action                   || total
-------------------------++-------
Melee: Unarmed           ||     7
 Cast: Shock             ||    12
Armor: Robe              ||     4
Dodge: Dodged            ||    17

Table legend: (Time is in decaauts)
 A = Elapsed time spent in this place.
 B = Non-inter-level travel time spent in this place.
 C = Inter-level travel time spent in this place.
 D = Time resting spent in this place.
 E = Time spent auto-exploring this place.
 F = Levels seen in this place.
 G = Mean time per level.
                   A        B        C        D        E       F      G
               +--------+--------+--------+--------+--------+-----+--------+
         Total |    330 |    330 |      0 |      0 |    288 |   1 |  330.0 |
       Dungeon |    330 |    330 |      0 |      0 |    288 |   1 |  330.0 |
               +--------+--------+--------+--------+--------+-----+--------+

Top non-repeatable levels by time:
     D:1: 330 daAuts
